| TOP OF THE 1ST |
|
Detroit (APP) Tigers batting - Pitching for Boston (APP) Red Sox : RHP Matt Collins
|
|
Pitching: RHP Matt Collins
|
|
|
Batting: RHB Kevin Steed
|
0-0: Ball 1-0: Swinging Strike 1-1: SINGLE (Groundball, 34D, EV 98.8 MPH)
|
|
Batting: RHB Alex Duarte
|
0-0: Swinging Strike 0-1: Swinging Strike 0-2: Foul Ball, location: 2F 0-2: Ball 1-2: Ball 2-2: Strikes out swinging
|
|
Batting: RHB German Quiroga
|
0-0: Called Strike 0-1: Ball 1-1: Hit by Pitch Kevin Steed to second
|
|
Batting: RHB Ernst Meloche
|
0-0: Ball 1-0: Ball 2-0: Ball 3-0: Called Strike 3-1: Called Strike 3-2: Strikes out swinging
|
|
Batting: RHB Juan Acero
|
0-0: Called Strike 0-1: Fielders Choice at 2nd, U4 (Groundball, 6, EV 92.5 MPH)
|
| Top of the 1st over - 0 runs, 1 hit, 0 errors, 2 left on base; Detroit (APP) 0 - Boston (APP) 0 |
| BOTTOM OF THE 1ST |
|
Boston (APP) Red Sox batting - Pitching for Detroit (APP) Tigers : RHP Edwin Marquez
|
|
Pitching: RHP Edwin Marquez
|
|
|
Batting: RHB Estevan Carrillo
|
0-0: Ball 1-0: Called Strike 1-1: Ball 2-1: Foul Ball, location: 2F 2-2: Ground out 6-3 (Groundball, 6M, EV 83.1 MPH)
|
|
Batting: RHB Ryan Davis
|
0-0: Called Strike 0-1: Hit by Pitch
|
|
Batting: RHB Felix Rangel
|
0-0: Foul Ball, location: 2F 0-1: Swinging Strike 0-2: Strikes out swinging
|
|
Batting: RHB Kirk Cully
|
0-0: Ground out 4-3 (Groundball, 4, EV 91.9 MPH)
|
| Bottom of the 1st over - 0 runs, 0 hits, 0 errors, 1 left on base; Detroit (APP) 0 - Boston (APP) 0 |
| TOP OF THE 2ND |
|
Detroit (APP) Tigers batting - Pitching for Boston (APP) Red Sox : RHP Matt Collins
|
|
Batting: RHB Jeremiah Washington
|
0-0: Called Strike 0-1: SINGLE (Line Drive, 6D, EV 104.4 MPH)
|
|
Batting: RHB Nate Dabney
|
0-0: Called Strike 0-1: Swinging Strike 0-2: Ball 1-2: Ball 2-2: Strikes out swinging
|
|
Batting: RHB John Barton
|
0-0: Fielders Choice at 2nd, 5-4 (Groundball, 5L, EV 103.8 MPH)
|
|
Batting: RHB Jamie Villagrana
|
0-0: Called Strike 0-1: Called Strike 0-2: Foul Ball, location: 2F 0-2: Ball 1-2: Ball 2-2: SINGLE (Flyball, 34D, EV 89.4 MPH) John Barton to second
|
|
Batting: RHB Kevin Steed
|
0-0: 3-RUN HOME RUN (Flyball, 9D, EV 93.1 MPH), Distance : 363 ft
|
|
Batting: RHB Alex Duarte
|
0-0: Swinging Strike 0-1: Ball 1-1: Called Strike 1-2: Strikes out swinging
|
| Top of the 2nd over - 3 runs, 3 hits, 0 errors, 0 left on base; Detroit (APP) 3 - Boston (APP) 0 |
| BOTTOM OF THE 2ND |
|
Boston (APP) Red Sox batting - Pitching for Detroit (APP) Tigers : RHP Edwin Marquez
|
|
Batting: RHB Chris Zubia
|
0-0: Called Strike 0-1: DOUBLE (Line Drive, 7LS, EV 97.5 MPH)
|
|
Batting: RHB Wayne Whimster
|
0-0: Fly out, F3 (Popup, 23F, EV 85.0 MPH)
|
|
Batting: RHB Luis Nino
|
0-0: Ground out 5-3 (Groundball, 5L, EV 81.2 MPH)
|
|
Batting: LHB Kenny Jackson
|
0-0: Called Strike 0-1: Swinging Strike 0-2: Ball 1-2: Ball 2-2: Foul Ball, location: 2F 2-2: Strikes out swinging
|
| Bottom of the 2nd over - 0 runs, 1 hit, 0 errors, 1 left on base; Detroit (APP) 3 - Boston (APP) 0 |
| TOP OF THE 3RD |
|
Detroit (APP) Tigers batting - Pitching for Boston (APP) Red Sox : RHP Matt Collins
|
|
Batting: RHB German Quiroga
|
0-0: Ball 1-0: Foul Ball, location: 2F 1-1: Ground out 4-3 (Groundball, 4M, EV 77.5 MPH)
|
|
Batting: RHB Ernst Meloche
|
0-0: Called Strike 0-1: Foul Ball, location: 2F 0-2: Ball 1-2: Ground out 6-3 (Groundball, 56, EV 101.9 MPH)
|
|
Batting: RHB Juan Acero
|
0-0: Ground out 6-3 (Groundball, 56D, EV 101.2 MPH)
|
| Top of the 3rd over - 0 runs, 0 hits, 0 errors, 0 left on base; Detroit (APP) 3 - Boston (APP) 0 |
| BOTTOM OF THE 3RD |
|
Boston (APP) Red Sox batting - Pitching for Detroit (APP) Tigers : RHP Edwin Marquez
|
|
Batting: RHB Panam Palmer
|
0-0: Foul Ball, location: 2F 0-1: Ball 1-1: Foul Ball, location: 2F 1-2: Strikes out looking
|
|
Batting: RHB Estevan Carrillo
|
0-0: Ball 1-0: Called Strike 1-1: Ball 2-1: Fly out, F8 (Line Drive, 78D, EV 98.1 MPH)
|
|
Batting: RHB Ryan Davis
|
0-0: Called Strike 0-1: Called Strike 0-2: Ball 1-2: Fly out, F9 (Flyball, 89S, EV 89.4 MPH)
|
| Bottom of the 3rd over - 0 runs, 0 hits, 0 errors, 0 left on base; Detroit (APP) 3 - Boston (APP) 0 |
| TOP OF THE 4TH |
|
Detroit (APP) Tigers batting - Pitching for Boston (APP) Red Sox : RHP Matt Collins
|
|
Batting: RHB Jeremiah Washington
|
0-0: Ball 1-0: Ground out 5-3 (Groundball, 56S, EV 86.9 MPH)
|
|
Batting: RHB Nate Dabney
|
0-0: Ball 1-0: Foul Ball, location: 2F 1-1: Ball 2-1: Ground out 6-3 (Groundball, 56, EV 106.9 MPH)
|
|
Batting: RHB John Barton
|
0-0: Foul Ball, location: 2F 0-1: Foul Ball, location: 2F 0-2: Ball 1-2: Foul Ball, location: 2F 1-2: Foul Ball, location: 2F 1-2: Strikes out swinging
|
| Top of the 4th over - 0 runs, 0 hits, 0 errors, 0 left on base; Detroit (APP) 3 - Boston (APP) 0 |
| BOTTOM OF THE 4TH |
|
Boston (APP) Red Sox batting - Pitching for Detroit (APP) Tigers : RHP Edwin Marquez
|
|
Batting: RHB Felix Rangel
|
0-0: Swinging Strike 0-1: Ball 1-1: Ball 2-1: Foul Ball, location: 2F 2-2: Ball 3-2: Ground out 4-3 (Groundball, 4M, EV 80.6 MPH)
|
|
Batting: RHB Kirk Cully
|
0-0: Swinging Strike 0-1: DOUBLE (Line Drive, 7LS, EV 89.4 MPH)
|
|
Batting: RHB Chris Zubia
|
0-0: Ball 1-0: Swinging Strike 1-1: Fly out, F9 (Flyball, 9S, EV 90.0 MPH)
|
|
Batting: RHB Wayne Whimster
|
0-0: Foul Ball, location: 2F 0-1: Called Strike 0-2: Foul Ball, location: 2F 0-2: Foul Ball, location: 2F 0-2: Ball 1-2: Foul Ball, location: 2F 1-2: Foul Ball, location: 2F 1-2: Ball 2-2: Strikes out looking
|
| Bottom of the 4th over - 0 runs, 1 hit, 0 errors, 1 left on base; Detroit (APP) 3 - Boston (APP) 0 |
| TOP OF THE 5TH |
|
Detroit (APP) Tigers batting - Pitching for Boston (APP) Red Sox : RHP Matt Collins
|
|
Batting: RHB Jamie Villagrana
|
0-0: Ball 1-0: Called Strike 1-1: Ball 2-1: Ground out 6-3 (Groundball, 6, EV 86.2 MPH)
|
|
Batting: RHB Kevin Steed
|
0-0: Called Strike 0-1: Ground out U3 (Groundball, 3, EV 107.5 MPH)
|
|
Batting: RHB Alex Duarte
|
0-0: Called Strike 0-1: Ball 1-1: Fly out, F8 (Flyball, 8LD, EV 95.6 MPH)
|
| Top of the 5th over - 0 runs, 0 hits, 0 errors, 0 left on base; Detroit (APP) 3 - Boston (APP) 0 |
| BOTTOM OF THE 5TH |
|
Boston (APP) Red Sox batting - Pitching for Detroit (APP) Tigers : RHP Edwin Marquez
|
|
Batting: RHB Luis Nino
|
0-0: Ground out 6-3 (Groundball, 6, EV 88.8 MPH)
|
|
Batting: LHB Kenny Jackson
|
0-0: Called Strike 0-1: Called Strike 0-2: Foul Ball, location: 2F 0-2: Hit by Pitch
|
|
Batting: RHB Panam Palmer
|
0-0: Ball 1-0: Called Strike 1-1: Ball 2-1: Swinging Strike 2-2: Foul Ball, location: 2F 2-2: Strikes out swinging
|
|
Batting: RHB Estevan Carrillo
|
0-0: Called Strike 0-1: Foul Ball, location: 2F 0-2: Fly out, F6 (Line Drive, 6MD, EV 69.4 MPH)
|
| Bottom of the 5th over - 0 runs, 0 hits, 0 errors, 1 left on base; Detroit (APP) 3 - Boston (APP) 0 |
| TOP OF THE 6TH |
|
Detroit (APP) Tigers batting - Pitching for Boston (APP) Red Sox : RHP Matt Collins
|
|
Batting: RHB German Quiroga
|
0-0: Ball 1-0: Called Strike 1-1: SOLO HOME RUN (Flyball, 7LD, EV 93.1 MPH), Distance : 342 ft
|
|
Batting: RHB Ernst Meloche
|
0-0: Ball 1-0: Ball 2-0: Foul Ball, location: 2F 2-1: Foul Ball, location: 2F 2-2: Reached on error, E6 (Groundball, 56, EV 101.2 MPH)
|
|
Batting: RHB Juan Acero
|
0-0: Ball 1-0: Called Strike 1-1: Ball 2-1: Ball 3-1: Base on Balls Ernst Meloche to second
|
|
Pitching: RHP Seb Lightfoot
|
|
|
Batting: RHB Jeremiah Washington
|
0-0: Ball 1-0: Fielders Choice at 2nd, 3-6 (Groundball, 3S, EV 76.9 MPH) Ernst Meloche to third
|
|
Batting: RHB Nate Dabney
|
0-0: Ball 1-0: Ball 2-0: Swinging Strike 2-1: Ball 3-1: Swinging Strike 3-2: Base on Balls Jeremiah Washington to second
|
|
Batting: RHB John Barton
|
0-0: Ball 1-0: Foul Ball, location: 2F 1-1: Ball Wild Pitch! Ernst Meloche scores Jeremiah Washington to third Nate Dabney to second 2-1: SINGLE (Groundball, 6MD, EV 96.2 MPH) Jeremiah Washington scores Nate Dabney to third Runner from 3rd tries for Home, throw by CF and OUT! 8-2 John Barton to second
|
|
Batting: RHB Jamie Villagrana
|
0-0: Ball 1-0: Called Strike 1-1: Called Strike 1-2: Ball 2-2: Ball 3-2: Fly out, F8 (Line Drive, 8LS, EV 91.2 MPH)
|
| Top of the 6th over - 3 runs, 2 hits, 1 error, 1 left on base; Detroit (APP) 6 - Boston (APP) 0 |
| BOTTOM OF THE 6TH |
|
Boston (APP) Red Sox batting - Pitching for Detroit (APP) Tigers : RHP Edwin Marquez
|
|
Batting: RHB Ryan Davis
|
0-0: Fly out, F7 (Line Drive, 7, EV 91.9 MPH)
|
|
Batting: RHB Felix Rangel
|
0-0: Ball 1-0: Swinging Strike 1-1: Called Strike 1-2: Strikes out swinging
|
|
Batting: RHB Kirk Cully
|
0-0: Ball 1-0: Fly out, F7 (Flyball, 7, EV 79.4 MPH)
|
| Bottom of the 6th over - 0 runs, 0 hits, 0 errors, 0 left on base; Detroit (APP) 6 - Boston (APP) 0 |
| TOP OF THE 7TH |
|
Detroit (APP) Tigers batting - Pitching for Boston (APP) Red Sox : RHP Seb Lightfoot
|
|
Batting: RHB Kevin Steed
|
0-0: Called Strike 0-1: Called Strike 0-2: Strikes out swinging, 2-3 out at first.
|
|
Batting: RHB Alex Duarte
|
0-0: Ball 1-0: Ball 2-0: Foul Ball, location: 2F 2-1: Swinging Strike 2-2: Fly out, F9 (Flyball, 9, EV 75.6 MPH)
|
|
Batting: RHB German Quiroga
|
0-0: Ball 1-0: Called Strike 1-1: DOUBLE (Groundball, 5L, EV 103.1 MPH)
|
|
Batting: RHB Ernst Meloche
|
0-0: Foul Ball, location: 2F 0-1: Ball 1-1: Swinging Strike 1-2: Ball Passed Ball! German Quiroga to third 2-2: Ball 3-2: Ground out 3-1 (Groundball, 13, EV 87.5 MPH)
|
| Top of the 7th over - 0 runs, 1 hit, 0 errors, 1 left on base; Detroit (APP) 6 - Boston (APP) 0 |
| BOTTOM OF THE 7TH |
|
Boston (APP) Red Sox batting - Pitching for Detroit (APP) Tigers : RHP Edwin Marquez
|
|
Batting: RHB Chris Zubia
|
0-0: Swinging Strike 0-1: Called Strike 0-2: Ball 1-2: Strikes out swinging
|
|
Batting: RHB Wayne Whimster
|
0-0: Ball 1-0: Ball 2-0: Ball 3-0: Base on Balls
|
|
Pitching: RHP Alvaro Patino
|
|
|
Pinch Hitting: SHB Jose Santiago
|
0-0: Foul Ball, location: 2F 0-1: Foul Ball, location: 2F 0-2: Foul Ball, location: 2F 0-2: SINGLE (Groundball, 34D, EV 94.4 MPH) Wayne Whimster to second Runner from 2nd tries for 3rd, SAFE, throw by RF made to third
|
|
Batting: LHB Kenny Jackson
|
0-0: Called Strike 0-1: Foul Ball, location: 2F 0-2: Foul Ball, location: 2F 0-2: Foul Ball, location: 2F 0-2: Grounds out, U3 (Groundball, 3L, EV 103.1 MPH) Wayne Whimster scores
|
|
Pinch Hitting: RHB Eric Kent
|
0-0: Foul Ball, location: 2F 0-1: Ball 1-1: Called Strike 1-2: Strikes out looking
|
| Bottom of the 7th over - 1 run, 1 hit, 0 errors, 1 left on base; Detroit (APP) 6 - Boston (APP) 1 |
| TOP OF THE 8TH |
|
Detroit (APP) Tigers batting - Pitching for Boston (APP) Red Sox : RHP Seb Lightfoot
|
|
Now at 2B: Eric Kent
|
|
|
Now in LF: Bob Reichley
|
|
|
Batting: RHB Juan Acero
|
0-0: Called Strike 0-1: Ball 1-1: Ball 2-1: Ball 3-1: Base on Balls
|
|
Batting: RHB Jeremiah Washington
|
0-0: Foul Ball, location: 2F 0-1: DOUBLE (Line Drive, 89D, EV 105.0 MPH) Juan Acero to third
|
|
Batting: RHB Nate Dabney
|
0-0: Foul Ball, location: 2F 0-1: Foul Ball, location: 2F 0-2: Ground out 5-3 (Groundball, 56S, EV 84.4 MPH) Juan Acero scores
|
|
Batting: RHB John Barton
|
0-0: Called Strike 0-1: Foul Ball, location: 2F 0-2: Ball 1-2: Ball 2-2: Foul Ball, location: 2F 2-2: Strikes out swinging
|
|
Batting: RHB Jamie Villagrana
|
0-0: Ball 1-0: Ball 2-0: Called Strike 2-1: Ball 3-1: Base on Balls
|
|
Batting: RHB Kevin Steed
|
0-0: Ball 1-0: Ball 2-0: Ball 3-0: Called Strike 3-1: Called Strike 3-2: Ground out 5-3 (Groundball, 56S, EV 85.0 MPH)
|
| Top of the 8th over - 1 run, 1 hit, 0 errors, 2 left on base; Detroit (APP) 7 - Boston (APP) 1 |
| BOTTOM OF THE 8TH |
|
Boston (APP) Red Sox batting - Pitching for Detroit (APP) Tigers : RHP Alvaro Patino
|
|
Batting: RHB Estevan Carrillo
|
0-0: Ball 1-0: Foul Ball, location: 2F 1-1: Ball 2-1: Called Strike 2-2: Foul Ball, location: 2F 2-2: Ball 3-2: Base on Balls
|
|
Batting: SHB Arihito Hiramoto
|
0-0: Called Strike 0-1: Ball 1-1: Ball 2-1: Fly out, F7 (Flyball, 7S, EV 82.5 MPH)
|
|
Pitching: RHP Victor Altagracia
|
|
|
Batting: RHB Felix Rangel
|
0-0: Called Strike 0-1: Foul Ball, location: 2F 0-2: Strikes out swinging
|
|
Batting: RHB Kirk Cully
|
0-0: Ball Wild Pitch! Estevan Carrillo to second 1-0: Swinging Strike 1-1: Ball 2-1: Ground out 5-3 (Groundball, 56, EV 105.6 MPH)
|
| Bottom of the 8th over - 0 runs, 0 hits, 0 errors, 1 left on base; Detroit (APP) 7 - Boston (APP) 1 |
| TOP OF THE 9TH |
|
Detroit (APP) Tigers batting - Pitching for Boston (APP) Red Sox : RHP Seb Lightfoot
|
|
Pitching: RHP Dillon Ekwall
|
|
|
Batting: RHB Alex Duarte
|
0-0: Called Strike 0-1: Foul Ball, location: 2F 0-2: SINGLE (Line Drive, 9S, EV 100.0 MPH)
|
|
Batting: RHB German Quiroga
|
0-0: Reached on error, E7 (Flyball, 7LM, EV 88.8 MPH) Alex Duarte to third
|
|
Batting: RHB Ernst Meloche
|
0-0: Ball 1-0: Swinging Strike 1-1: Ball 2-1: Swinging Strike 2-2: Ground out 6-3 (Groundball, 6, EV 92.5 MPH) Alex Duarte scores
|
|
Batting: RHB Juan Acero
|
0-0: Swinging Strike 0-1: Ball 1-1: SINGLE (Groundball, 6MD, EV 101.2 MPH) German Quiroga to third Runner from 3rd tries for Home, SAFE, throw by CF to home
|
|
Batting: RHB Jeremiah Washington
|
0-0: Foul Ball, location: 2F 0-1: Ball 1-1: Ball 2-1: Ball 3-1: Swinging Strike 3-2: Strikes out swinging
|
|
Batting: RHB Nate Dabney
|
0-0: Ball 1-0: Foul Ball, location: 2F 1-1: Called Strike 1-2: Ball 2-2: Fielders Choice at 2nd, 5-4 (Groundball, 5, EV 97.5 MPH)
|
| Top of the 9th over - 2 runs, 2 hits, 1 error, 1 left on base; Detroit (APP) 9 - Boston (APP) 1 |
| BOTTOM OF THE 9TH |
|
Boston (APP) Red Sox batting - Pitching for Detroit (APP) Tigers : RHP Victor Altagracia
|
|
Batting: RHB Chris Zubia
|
0-0: Called Strike 0-1: Foul Ball, location: 2F 0-2: Ball 1-2: Strikes out swinging
|
|
Batting: RHB Wayne Whimster
|
0-0: Hit by Pitch
|
|
Batting: RHB Bob Reichley
|
0-0: Ball 1-0: Ball 2-0: Ball 3-0: Called Strike 3-1: Base on Balls Wayne Whimster to second
|
|
Batting: LHB Kenny Jackson
|
0-0: Called Strike 0-1: Swinging Strike 0-2: Strikes out looking
|
|
Batting: RHB Eric Kent
|
0-0: Ball 1-0: Ball 2-0: Swinging Strike 2-1: Foul Ball, location: 2F 2-2: Ball 3-2: Base on Balls Wayne Whimster to third Bob Reichley to second
|
|
Batting: RHB Estevan Carrillo
|
0-0: Ball 1-0: Swinging Strike 1-1: Fielders Choice at 2nd, 6-4 (Groundball, 6, EV 85.6 MPH)
|
| Bottom of the 9th over - 0 runs, 0 hits, 0 errors, 3 left on base; Detroit (APP) 9 - Boston (APP) 1 |
|